 Seeded DCSS version 0.23.2 (webtiles) character file.

Game seed: 97667173627

7147 Kranky the Thaumaturge (level 11, -5/81 HPs)
             Began as a Gnoll Wizard on Oct 18, 2019.
             Was an Elder of Okawaru.
             Slain by a troll (9 damage)
             ... on level 1 of the Orcish Mines on Oct 20, 2019.
             The game lasted 00:42:57 (12079 turns).

Kranky the Thaumaturge (Gnoll Wizard)              Turns: 12079, Time: 00:42:57

Health: -5/81      AC: 13    Str: 12    XL:     11   Next: 10%
Magic:  22/24      EV: 17    Int: 22    God:    Okawaru [****..]
Gold:   679        SH:  0    Dex: 13    Spells: 19/28 levels left

rFire    + . .     SeeInvis .   m - +2 short sword (drain)
rCold    . . .     Gourm    .   (no shield)
rNeg     . . .     Faith    +   s - +2 ring mail {rPois}
rPois    +         Spirit   .   C - +0 helmet
rElec    .         Reflect  .   (no cloak)
rCorr    .         Harm     .   H - +0 pair of gloves
MR       .....                  z - +1 pair of boots {Stlth+}
Stlth    ++++......             a - amulet of faith
HPRegen  0.23/turn              v - ring of protection from fire
MPRegen  0.19/turn              I - +3 ring of evasion

@: no status effects
A: distributed training, fangs 1, strong nose
a: Heroism, Renounce Religion


You were on level 1 of the Orcish Mines.
You worshipped Okawaru.
Okawaru was greatly pleased with you.
You were not hungry.

You visited 3 branches of the dungeon, and saw 12 of its levels.
You also visited: Sewer.

You collected 874 gold pieces.
You spent 195 gold pieces at shops.

Inventory:

Hand Weapons
 i - a +0 hunting sling
 m - a +2 short sword of draining (weapon)
Missiles
 g - 72 sling bullets (quivered)
 E - 4 throwing nets
Armour
 r - a +2 ring mail of cold resistance
 s - a +2 ring mail of poison resistance (worn)
 z - a +1 pair of boots of stealth (worn)
 C - a +0 helmet (worn)
 H - a +0 pair of gloves (worn)
Jewellery
 a - an amulet of faith (around neck)
 j - an uncursed ring of protection from fire
 v - a ring of protection from fire (left hand)
 I - a +3 ring of evasion (right hand)
Wands
 n - a wand of clouds (6)
 y - a wand of polymorph (7)
 A - a wand of iceblast (10)
 D - a wand of paralysis (3)
 F - a wand of random effects (30)
Scrolls
 b - 4 scrolls of fog {unknown}
 c - 5 scrolls of noise {unknown}
 e - 4 scrolls of fear {unknown}
 h - a scroll of immolation {unknown}
 k - 6 scrolls of enchant weapon {unknown}
 l - 5 scrolls of teleportation {unknown}
 o - 8 scrolls of identify {unknown}
 q - 4 scrolls of enchant armour {unknown}
 B - 2 scrolls of remove curse {unknown}
Potions
 f - 3 potions of haste {unknown}
 p - 7 potions of flight {unknown}
 t - 2 potions of brilliance {unknown}
 u - 5 potions of heal wounds
 w - 6 potions of curing
 x - a potion of might {unknown}
 G - a potion of lignification {unknown}
Miscellaneous
 J - a lightning rod (4/4)
Comestibles
 d - 11 rations
 K - 5 chunks of flesh


   Skills:
 + Level 5.8 Fighting
 + Level 5.8 Short Blades
 + Level 5.8 Long Blades
 + Level 5.8 Axes
 + Level 5.8 Maces & Flails
 + Level 5.8 Polearms
 + Level 5.8 Staves
 + Level 5.8 Slings
 + Level 5.8 Bows
 + Level 5.8 Crossbows
 + Level 5.8 Throwing
 + Level 5.8 Armour
 + Level 7.5 Dodging
 + Level 7.3 Stealth
 + Level 5.8 Shields
 + Level 5.8 Unarmed Combat
 + Level 9.3 Spellcasting
 + Level 5.3 Conjurations
 + Level 4.8 Hexes
 + Level 4.8 Charms
 + Level 5.3 Summonings
 + Level 4.8 Necromancy
 + Level 5.3 Translocations
 + Level 4.8 Transmutations
 + Level 4.8 Fire Magic
 + Level 4.8 Ice Magic
 + Level 4.8 Air Magic
 + Level 4.8 Earth Magic
 + Level 4.8 Poison Magic
 + Level 6.4 Invocations
 + Level 5.8 Evocations


You had 19 spell levels left.
You knew the following spells:

 Your Spells              Type           Power        Failure   Level  Hunger
a - Magic Dart            Conj           ####         1%          1    None
b - Mephitic Cloud        Conj/Pois/Air  ####....     4%          3    None
c - Blink                 Tloc           N/A          2%          2    None
d - Conjure Flame         Conj/Fire      ####....     4%          3    None

Your spell library contained the following spells:

 Spells                   Type           Power        Failure   Level  Hunger
 Call Imp                 Summ           ####....     2%          2    None
 Slow                     Hex            ####....     2%          2    None


Dungeon Overview and Level Annotations

Branches:
Dungeon (9/15)             Temple (1/1) D:7             Orc (2/2) D:9
   Lair: D:8-11         Elf: Orc:2

Altars:
Ashenzari
Cheibriados
Dithmenos
Elyvilon
Fedhas
Gozag
Hepliaklqana
Kikubaaqudgha
Makhleb
Nemelex Xobeh
Okawaru
Qazlal
Ru
Sif Muna
Trog
Uskayaw
Vehumet
Wu Jian
Xom
Yredelemnul
Zin
The Shining One
Beogh

Shops:
D:5 [


Innate Abilities, Weirdness & Mutations

Your experience applies equally to all skills.
You have very sharp teeth.
Your uncanny sense of smell can sniff out nearby items.


Message History

The orc warlord is lightly wounded.
The orc barely misses you. The orc hits you but does no damage.
The troll bites you. The troll claws you but does no damage.
The troll misses you.
You barely miss the orc.
The orc warlord is engulfed in noxious fumes.
The orc warlord hits you with a +3 dire flail!
* * * LOW HITPOINT WARNING * * *
The orc barely misses you. The orc completely misses you.
You hit the orc.
The orc is heavily wounded.
The troll bites you but does no damage. The troll barely misses you. x2
The orc warlord is engulfed in noxious fumes.
The orc warlord appears confused.
The orc barely misses you. x2
You hit the orc.
The orc is severely wounded.
The troll bites you!
* * * LOW HITPOINT WARNING * * *
The troll claws you!
You die...

#.............#.##
.................##
..................# ###
..##......#......####.##
...##...........#.##...#
......................##
...................#..##
...............oTo.#...#
.._............o@°))).##
...............°°[...###
.....###.......).......##
................#.##....#
................#####..##
...............## ####
#...#.#.##.#..##
###############


You could see an orc warlord (confused), a troll and 2 orcs.

Vanquished Creatures
  Harold (D:9)
  Psyche (D:9)
  A warg (Orc:1)
  2 water moccasins
  4 ice beasts
  11 orc warriors
  3 sky beasts (D:8)
  2 phantoms
  4 centaurs
  11 ogres
  4 big kobolds
  9 bullfrogs
  A wyvern skeleton (D:8)
  5 killer bees (D:7)
  3 scorpions
  4 wights (D:9)
  A centaur zombie (D:8)
  A crimson imp (D:9)
  A hound (D:7)
  A jelly (D:7)
  11 orc wizards
  6 orc priests
  A gnoll shaman (D:7)
  2 centaur skeletons
  3 iguanas
  4 worker ants
  A killer bee zombie (D:8)
  A hound zombie (D:6)
  A hound skeleton (D:8)
  2 worker ant zombies
  4 gnolls (D:7)
  16 adders
  3 river rats (Sewer)
  A shadow imp (D:7)
  4 oozes
  3 adder zombies
  3 adder skeletons
  4 worms
  3 dart slugs
  6 leopard geckos
  75 orcs
  4 giant cockroaches
  10 hobgoblins
  10 jackals
  27 kobolds
  4 quokkas
  5 ball pythons
  4 bats
  10 frilled lizards
  7 goblins
  A quokka skeleton (D:6)
  28 rats
334 creatures vanquished.

Vanquished Creatures (others)
  8 plants (D:3)
8 creatures vanquished.

Grand Total: 342 creatures vanquished

Notes
Turn   | Place    | Note
-------+----------+-------------------------------------------
     0 | D:1      | Kranky the Gnoll Wizard began the quest for the Orb.
     0 | D:1      | Reached XP level 1. HP: 13/13 MP: 8/8
   162 | D:1      | Reached XP level 2. HP: 19/19 MP: 6/10
   557 | D:1      | Reached XP level 3. HP: 24/25 MP: 6/11
  1043 | D:2      | Reached skill level 1 in Invocations
  1255 | D:2      | Reached skill level 1 in Fighting
  1255 | D:2      | Reached skill level 1 in Short Blades
  1255 | D:2      | Reached skill level 1 in Long Blades
  1255 | D:2      | Reached skill level 1 in Axes
  1255 | D:2      | Reached skill level 1 in Maces & Flails
  1255 | D:2      | Reached skill level 1 in Polearms
  1255 | D:2      | Reached skill level 1 in Staves
  1255 | D:2      | Reached skill level 1 in Slings
  1255 | D:2      | Reached skill level 1 in Bows
  1255 | D:2      | Reached skill level 1 in Crossbows
  1255 | D:2      | Reached skill level 1 in Throwing
  1255 | D:2      | Reached skill level 1 in Armour
  1255 | D:2      | Reached skill level 1 in Shields
  1255 | D:2      | Reached skill level 1 in Unarmed Combat
  1255 | D:2      | Reached skill level 1 in Evocations
  1255 | D:2      | Reached XP level 4. HP: 32/32 MP: 5/13
  2143 | D:3      | Reached skill level 1 in Hexes
  2143 | D:3      | Reached skill level 1 in Charms
  2143 | D:3      | Reached skill level 1 in Necromancy
  2143 | D:3      | Reached skill level 1 in Transmutations
  2143 | D:3      | Reached skill level 1 in Fire Magic
  2143 | D:3      | Reached skill level 1 in Ice Magic
  2143 | D:3      | Reached skill level 1 in Air Magic
  2143 | D:3      | Reached skill level 1 in Earth Magic
  2143 | D:3      | Reached skill level 1 in Poison Magic
  2177 | D:3      | Noticed an ogre
  2203 | D:3      | Killed an ogre
  2203 | D:3      | Reached XP level 5. HP: 37/37 MP: 10/14
  2910 | D:3      | Reached XP level 6. HP: 44/44 MP: 8/16
  3017 | D:4      | You fall through a shaft!
  3017 | D:5      | Entered Level 5 of the Dungeon
  3154 | D:5      | Found Busk's Antique Armour Boutique.
  3175 | D:5      | Found a glowing drain.
  3184 | Sewer    | Entered a sewer
  3204 | Sewer    | Reached skill level 5 in Dodging
  3361 | Sewer    | Learned a level 3 spell: Mephitic Cloud
  3364 | Sewer    | Learned a level 2 spell: Blink
  3368 | Sewer    | Learned a level 3 spell: Conjure Flame
  3582 | Sewer    | Reached XP level 7. HP: 41/50 MP: 18/18
  3913 | D:5      | Bought a pair of glowing boots for 195 gold pieces
  4046 | D:5      | Reached skill level 5 in Stealth
  4065 | D:5      | Reached XP level 8. HP: 55/57 MP: 16/19
  4950 | D:4      | Reached skill level 8 in Spellcasting
  5719 | D:6      | Reached XP level 9. HP: 61/65 MP: 21/21
  5950 | D:6      | Found an iron altar of Okawaru.
  6843 | D:7      | Found a staircase to the Ecumenical Temple.
  6966 | D:6      | Became a worshipper of Warmaster Okawaru
  7166 | D:7      | Reached * piety under Okawaru
  7176 | D:7      | Reached skill level 5 in Invocations
  7605 | D:7      | Found a shadowy altar of Dithmenos.
  8071 | Temple   | Entered the Ecumenical Temple
  8307 | D:8      | Reached XP level 10. HP: 64/73 MP: 14/22
  9071 | D:8      | Reached ** piety under Okawaru
  9071 | D:8      | Reached skill level 5 in Fighting
  9071 | D:8      | Reached skill level 5 in Short Blades
  9071 | D:8      | Reached skill level 5 in Long Blades
  9071 | D:8      | Reached skill level 5 in Axes
  9071 | D:8      | Reached skill level 5 in Maces & Flails
  9071 | D:8      | Reached skill level 5 in Polearms
  9071 | D:8      | Reached skill level 5 in Staves
  9071 | D:8      | Reached skill level 5 in Slings
  9071 | D:8      | Reached skill level 5 in Bows
  9071 | D:8      | Reached skill level 5 in Crossbows
  9071 | D:8      | Reached skill level 5 in Throwing
  9071 | D:8      | Reached skill level 5 in Armour
  9071 | D:8      | Reached skill level 5 in Shields
  9071 | D:8      | Reached skill level 5 in Unarmed Combat
  9071 | D:8      | Reached skill level 5 in Evocations
  9760 | D:9      | Found a staircase to the Orcish Mines.
  9815 | D:9      | Reached skill level 9 in Spellcasting
 10222 | D:9      | Noticed Harold
 10248 | D:9      | Killed Harold
 10248 | D:9      | Reached *** piety under Okawaru
 10248 | D:9      | Received a gift from Okawaru
 10248 | D:9      | Reached skill level 5 in Conjurations
 10248 | D:9      | Reached skill level 5 in Summonings
 10248 | D:9      | Reached skill level 5 in Translocations
 10734 | D:9      | Noticed Psyche
 10740 | D:9      | Killed Psyche
 10740 | D:9      | Reached **** piety under Okawaru
 10832 | Orc:1    | Entered Level 1 of the Orcish Mines
 11141 | Orc:1    | Received a gift from Okawaru
 11324 | Orc:1    | Found a roughly hewn altar of Beogh.
 11378 | Orc:2    | Entered Level 2 of the Orcish Mines
 11396 | Orc:1    | Reached XP level 11. HP: 56/81 MP: 22/24
 11715 | Orc:2    | Noticed an orc warlord
 12079 | Orc:1    | HP: 4/81 [troll (8)]
 12079 | Orc:1    | Slain by a troll

Skill      XL: |  1  2  3  4  5  6  7  8  9 10 |
---------------+-------------------------------+-----
Conjurations   | 2 3 4 5 |  5.3
Summonings     | 2 3 4 5 |  5.3
Translocations | 2 3 4 5 |  5.3
Invocations    | 1 2 3 4 5 6 |  6.4
Fighting       | 1 2 3 4 5 |  5.8
Short Blades   | 1 2 3 4 5 |  5.8
Long Blades    | 1 2 3 4 5 |  5.8
Axes           | 1 2 3 4 5 |  5.8
Maces & Flails | 1 2 3 4 5 |  5.8
Polearms       | 1 2 3 4 5 |  5.8
Staves         | 1 2 3 4 5 |  5.8
Slings         | 1 2 3 4 5 |  5.8
Bows           | 1 2 3 4 5 |  5.8
Crossbows      | 1 2 3 4 5 |  5.8
Throwing       | 1 2 3 4 5 |  5.8
Armour         | 1 2 3 4 5 |  5.8
Shields        | 1 2 3 4 5 |  5.8
Unarmed Combat | 1 2 3 4 5 |  5.8
Evocations     | 1 2 3 4 5 |  5.8
Hexes          | 1 2 3 4 |  4.8
Charms         | 1 2 3 4 |  4.8
Necromancy     | 1 2 3 4 |  4.8
Transmutations | 1 2 3 4 |  4.8
Fire Magic     | 1 2 3 4 |  4.8
Ice Magic      | 1 2 3 4 |  4.8
Air Magic      | 1 2 3 4 |  4.8
Earth Magic    | 1 2 3 4 |  4.8
Poison Magic   | 1 2 3 4 |  4.8
Dodging        | 5 6 7 |  7.5
Stealth        | 5 6 7 |  7.3
Spellcasting   | 8 9 |  9.3

Action                   |  1- 3 |  4- 6 |  7- 9 | 10-12 || total
-------------------------+-------+-------+-------+-------++-------
Melee: Dagger            |    29 |       |       |       ||    29
       Bite              |     3 |     3 |    34 |    46 ||    86
       Short sword       |     6 |    74 |   340 |   348 ||   768
       Punch             |       |     1 |     3 |     7 ||    11
 Cast: Magic Dart        |    76 |   149 |   158 |    94 ||   477
       Mephitic Cloud    |       |     1 |    17 |    26 ||    44
       Conjure Flame     |       |       |     1 |     5 ||     6
 Stab: Sleeping          |     4 |     1 |     7 |     8 ||    20
       Confused          |       |     1 |     8 |    21 ||    30
  Eat: Chunk             |     1 |     7 |    14 |    14 ||    36
Armor: Robe              |     7 |     1 |       |       ||     8
       Ring mail         |       |    33 |   110 |   125 ||   268
Dodge: Dodged            |    45 |    85 |   183 |   276 ||   589
